AoeStats
← ANTILUKA

Lombardia

508775105Analyzed
4v4 RM · 7d ago on Sep 24, 2026· 58m 18s· 8 players
Game mode
Random Map
Map size
Large (8 player)
Population
200
Speed
Normal
Resources
Standard
Victory
Conquest
Starting age
Dark Age
Ending age
Imperial Age
RankedLock teamsTeams togetherTeam positionsShared explorationLock speedFull tech treeHidden civsTurbo modeCheats
Victory
Defeat
🇨🇦 Saxons · Canada
1030
+18
🇨🇦 Celts · Canada
1008
+19
🇲🇽 Khmer · Mexico
984
+20
🇨🇴 Khmer · Colombia
895
+22
🇨🇱 Vikings · Chile
1141
-24
🇨🇱 Varangians · Chile
1103
-21
🇨🇱 Danes · Chile
1026
-18
🇦🇷 Saxons · Argentina
981
-16
ThiranoMarck
2:14 Loom
10:57 Feudal Age
15:05 Castle Age
13:17 Double-Bit Axe
16:14 Horse Collar
17:21 Heavy Plow
30:34 Imperial Age
28:47 Bow Saw
29:30 Wheelbarrow
29:37 Gold Mining
30:00 Town Watch
30:39 Fletching
31:03 Forging
30:59 Scale Barding Armor
31:50 Scale Mail Armor
33:01 Iron Casting
31:54 Pikeman
32:36 Pikeman
33:58 Chain Mail Armor
34:42 Gold Shaft Mining
33:58 Stone Mining
34:25 Hand Cart
35:09 Heavy Scorpion
36:53 Blast Furnace
35:49 Bodkin Arrow
36:04 Siege Engineers
37:00 Chemistry
37:28 Ballistics
36:39 Halberdier
37:05 Arson
40:53 Double Crossbow
51:28 Conscription
deiwersmith
6:40 Loom
10:30 Feudal Age
13:59 Scale Barding Armor
14:44 Bloodlines
14:51 Forging
14:41 Double-Bit Axe
21:23 Castle Age
22:01 Horse Collar
22:35 Bow Saw
23:05 Husbandry
23:27 Chain Barding Armor
23:43 Iron Casting
27:43 Heavy Plow
31:12 Wheelbarrow
30:23 Town Watch
36:26 Imperial Age
34:12 Hand Cart
33:57 Town Patrol
36:28 Cavalier
37:34 Conscription
40:39 Light Cavalry
41:25 Elite Ballista Elephant
45:52 Crop Rotation
45:19 Gold Mining
45:20 Stone Mining
47:50 Plate Barding Armor
48:15 Blast Furnace
47:42 Hussar
47:44 Elite Battle Elephant
52:25 Double Crossbow
52:25 Tusk Swords
51:58 Sappers
53:03 Hoardings
52:49 Stone Mining
53:34 Gold Shaft Mining
53:08 Town Patrol
53:21 Scale Mail Armor
53:11 Fletching
53:22 Padded Archer Armor
GR4Y_BE4RD
7:35 Loom
9:59 Feudal Age
13:08 Wheelbarrow
12:23 Double-Bit Axe
13:58 Horse Collar
19:54 Town Watch
22:54 Castle Age
23:02 Stone Mining
23:27 Fletching
23:38 Padded Archer Armor
23:09 Crossbowman
23:54 Thumb Ring
24:14 Bodkin Arrow
32:08 Imperial Age
32:08 Bow Saw
33:12 Arbalester
34:47 Bracer
35:54 Caravan
36:51 Padded Archer Armor
37:53 Chemistry
38:03 Pikeman
38:44 Squires
38:47 Scale Mail Armor
39:06 Leather Archer Armor
40:41 Man-at-Arms
41:06 Gambesons
41:23 Scale Mail Armor
41:34 Forging
41:34 Long Swordsman
43:41 Gold Mining
43:50 Two-Handed Swordsman
45:34 Gold Shaft Mining
45:09 Champion
46:06 Chain Mail Armor
46:01 Shield Wall
47:05 Conscription
48:48 Plate Mail Armor
50:21 Iron Casting
51:02 Ring Archer Armor
51:42 Arson
55:10 Fortified Wall
56:26 Masonry
JumpingJuneBug
10:21 Feudal Age
11:46 Loom
18:15 Castle Age
20:03 Man-at-Arms
23:45 Long Swordsman
24:33 Double-Bit Axe
24:30 Horse Collar
26:51 Wheelbarrow
26:55 Bow Saw
27:29 Fletching
27:52 Forging
29:08 Heavy Plow
31:45 Iron Casting
31:11 Padded Archer Armor
31:14 Scale Mail Armor
31:39 Pikeman
37:30 Imperial Age
38:15 Hand Cart
37:38 Capped Ram
39:16 Chain Mail Armor
40:01 Blast Furnace
39:26 Two-Handed Swordsman
40:14 Champion
45:48 Siege Ram
52:03 Plate Mail Armor
51:29 Bodkin Arrow
51:48 Furor Celtica
51:59 Conscription
58:37 Gold Mining
ANTILUKA
3:19 Loom
10:51 Feudal Age
11:38 Double-Bit Axe
15:19 Gold Mining
19:07 Castle Age
18:22 Forging
20:04 Bow Saw
20:41 Scale Mail Armor
21:25 Squires
22:38 Fletching
28:17 Iron Casting
28:06 Chain Mail Armor
29:19 Wheelbarrow
37:27 Imperial Age
35:46 Hand Cart
36:00 Town Watch
37:04 Stone Mining
37:51 Gold Shaft Mining
37:08 Stone Mining
39:01 Conscription
41:21 Plate Mail Armor
40:53 Elite Jomsviking
43:46 Blast Furnace
42:24 Hamask
42:30 Hamask
45:04 Chemistry
48:13 Town Patrol
48:42 Ballistics
49:15 Stone Shaft Mining
49:44 Bodkin Arrow
49:50 Padded Archer Armor
50:07 Arson
50:45 Crossbowman
51:55 Crossbowman
52:43 Thumb Ring
52:40 Bracer
54:31 Heavy Mounted Crossbowman
56:39 Heavy Mounted Crossbowman
Wiston
3:22 Loom
11:23 Feudal Age
11:59 Double-Bit Axe
14:50 Loom
14:50 Town Watch
15:37 Horse Collar
19:44 Castle Age
18:12 Fletching
20:47 Wheelbarrow
21:54 Gambesons
22:14 Squires
22:29 Forging
23:40 Stone Mining
23:44 Gold Mining
25:17 Scale Mail Armor
25:42 Heavy Plow
26:59 Pikeman
30:50 Crossbowman
32:42 Chain Mail Armor
32:44 Arson
34:31 Bow Saw
37:19 Ballistics
36:57 Treadmill Crane
37:21 Elite Skirmisher
38:56 Murder Holes
45:21 Heated Shot
49:06 Imperial Age
47:30 Iron Casting
49:10 Elite Varangian Guard
50:23 Conscription
50:16 Siege Engineers
56:12 Halberdier
MrTulio007
5:36 Loom
10:50 Feudal Age
14:13 Horse Collar
20:07 Double-Bit Axe
23:49 Castle Age
21:59 Gold Mining
22:17 Scale Mail Armor
22:58 Stone Mining
25:52 Town Watch
26:46 Chain Mail Armor
26:42 Forging
26:23 Fletching
28:41 Town Patrol
29:19 Gold Shaft Mining
28:56 Bow Saw
31:21 Imperial Age
30:28 Heavy Plow
32:26 Chieftains
31:53 Capped Ram
33:26 Conscription
33:39 Plate Mail Armor
36:00 Bogsveigar
36:42 Siege Ram
38:59 Siege Engineers
39:55 Chemistry
39:06 Masonry
39:27 Murder Holes
39:53 Ballistics
41:27 Iron Casting
40:48 Bodkin Arrow
43:11 Hoardings
44:19 Bracer
44:20 Padded Archer Armor
43:52 Crossbowman
45:29 Architecture
44:41 Treadmill Crane
45:36 Crop Rotation
46:11 Two-Man Saw
45:50 Arbalester
51:03 Fortified Wall
51:59 Elite Berserk
53:30 Caravan
55:06 Onager
Zeysh
10:22 Feudal Age
11:41 Loom
14:17 Castle Age
13:41 Double-Bit Axe
16:42 Horse Collar
17:59 Wheelbarrow
21:19 Gold Mining
22:14 Bow Saw
22:15 Husbandry
22:27 Fletching
23:53 Forging
24:39 Bloodlines
25:08 Heavy Plow
26:03 Stone Mining
29:08 Scale Barding Armor
29:40 Iron Casting
29:06 Gambesons
30:45 Hand Cart
30:28 Town Watch
35:32 Imperial Age
32:41 Vendel Legacy
34:06 Chain Barding Armor
34:43 Squires
34:31 Arson
36:14 Town Patrol
35:52 Cavalier
36:57 Conscription
36:30 Capped Ram
37:52 Crop Rotation
38:25 Two-Man Saw
37:32 Elite Jarl
40:41 Blast Furnace
40:12 Elite Varangian Guard
42:01 Murder Holes
42:47 Plate Barding Armor
45:59 Stone Shaft Mining
45:35 Scale Mail Armor
45:58 Gothikon
50:33 Chemistry
49:53 Ballistics
49:15 Treadmill Crane
Connection lost

Rejoining the realm…

Still unreachable

The connection could not be restored.

Session expired

The server has moved on; the page needs a fresh start.